 Dungeon Crawl Stone Soup version 0.32-a0-953-g508020473e (webtiles) character file.

Game seed: 10334087871371729045

448 jasper the Ducker (level 7, -6/55 HPs)
             Began as a Merfolk Shapeshifter on Apr 16, 2024.
             Splashed by a jelly's acid (9 damage)
             ... on level 5 of the Dungeon.
             The game lasted 00:06:42 (4109 turns).

jasper the Ducker (Merfolk Shapeshifter)            Turns: 4109, Time: 00:06:42

Health: -6/55      AC:  2    Str: 14    XL:     7   Next: 4%
Magic:  7/7        EV: 10    Int: 10    God:
Gold:   165        SH:  7    Dex: 15    Spells: 6/6 levels left

rFire   . . .        n - +0 spear
rCold   . . .        r - +0 kite shield
rNeg    . . .        l - +1 ring mail {rPois}
rPois   +            (helmet currently unavailable)
rElec   .            (cloak currently unavailable)
rCorr   .            (gloves currently unavailable)
SInv    .            (boots currently unavailable)
Will    .....        (no amulet)
Stlth   +            i - +4 ring of protection
HPRegen 0.29/turn    (no ring)
MPRegen 0.10/turn

%: no passive effects
@: beast-form, corroded
A: beast (slay +2), (nimble swimmer 2), mertail
a: Begin Untransformation


You were on level 5 of the Dungeon.
You were a hulking beast.
You visited 1 branch of the dungeon, and saw 5 of its levels.

You collected 217 gold pieces.
You spent 52 gold pieces at shops.

Inventory:

Hand Weapons
 n - a +0 spear (weapon)
Missiles
 g - 26 stones (quivered)
Armour
 a - a +0 animal skin
 e - a +2 cloak
 l - a +1 ring mail of poison resistance (worn)
 p - a +0 pair of boots
 q - a +1 pair of boots
 r - a +0 kite shield (worn)
Jewellery
 h - a ring of poison resistance
 i - a +4 ring of protection (left hand)
Talismans
 c - a beast talisman (active)
 d - a flux talisman
Wands
 o - a wand of roots (7)
 t - a wand of flame (19)
Scrolls
 b - a scroll of enchant weapon
 f - 2 scrolls of immolation
 m - a scroll of fog
Potions
 j - 3 potions of enlightenment
 k - a potion of cancellation
 s - 2 potions of might {unknown}


   Skills:
 - Level 4.5 Fighting
 + Level 4.7 Polearms
 - Level 6.0 Dodging
 - Level 0.4 Shields
 - Level 3.2 Unarmed Combat
 - Level 4.0 Shapeshifting


You had 6 spell levels left.
You didn't know any spells.
Your spell library contained the following spells:

 Spells                   Type           Power      Damage    Failure   Level
 Apportation              Tloc           0%         N/A       97%         1
 Ensorcelled Hibernation  Hex/Ice        0%         N/A       99%         2
 Jinxbite                 Hex            0%         N/A       99%         2
 Lesser Beckoning         Tloc           0%         N/A       99%         2
 Call Canine Familiar     Summ           0%         N/A       100%        3
 Fugue of the Fallen      Necr           0%         N/A       100%        3
 Maxwell's Portable Pile  Tloc           0%         2d(5-13)  100%        3
 Passwall                 Erth           0%         N/A       100%        3
 Sigil of Binding         Hex            0%         N/A       100%        3
 Swiftness                Air            0%         N/A       100%        3
 Teleport Other           Tloc           0%         N/A       100%        3
 Tukima's Dance           Hex            0%         N/A       100%        3
 Anguish                  Hex/Necr       0%         N/A       100%        4
 Dimensional Bullseye     Hex/Tloc       0%         N/A       100%        4
 Passage of Golubria      Tloc           0%         N/A       100%        4
 Alistair's Intoxication  Alch           0%         N/A       100%        5
 Yara's Violent Unravell  Hex/Alch       0%         3d3       100%        5
 Dispersal                Tloc           0%         N/A       100%        6
 Gell's Gavotte           Tloc           0%         2d(11-16) 100%        6
 Manifold Assault         Tloc           0%         N/A       100%        7
 Disjunction              Tloc           0%         N/A       100%        8


Dungeon Overview and Level Annotations

Branches:
Dungeon (5/15)
 Temple: D:4-7

Altars:

Shops:
D:1 *


Innate Abilities, Weirdness & Mutations

You are a hulking beast.
Your limbs bulge with bestial killing power. (Slay +2)
((You are very nimble when in or above water. (Stealth+, EV+, Speed+++)))
Your lower body shifts to a powerful aquatic tail in water.


Message History

The endoplasm is heavily wounded.
The endoplasm barely misses you.
You hit the jelly.
Your hands burn!
The jelly is lightly wounded.
You block the jelly's attack.
You take 4 damage, and have 41/55 hp.
You hit the jelly. The acid corrodes you!
Your hands burn!
The jelly is moderately wounded.
The jelly hits you.
You are splashed with acid!
You take 16 damage, and have 25/55 hp.
MASSIVE DAMAGE!!
You hit the jelly but do no damage.
Your hands burn!
The jelly is moderately wounded.
The jelly completely misses you.
You take 4 damage, and have 21/55 hp.
You hit the jelly but do no damage. The acid corrodes you!
Your hands burn!
The jelly is moderately wounded.
You block the jelly's attack.
You take 3 damage, and have 18/55 hp.
You hit the jelly but do no damage.
Your hands burn!
* * * LOW HITPOINT WARNING * * *
The jelly is moderately wounded.
You block the jelly's attack.
You hit the jelly but do no damage.
Your hands burn!
* * * LOW HITPOINT WARNING * * *
The jelly is moderately wounded.
The jelly closely misses you.
You barely miss the jelly.
The jelly is moderately wounded.
The jelly barely misses you.
You hit the jelly.
Your hands burn!
* * * LOW HITPOINT WARNING * * *
The jelly is heavily wounded.
You block the jelly's attack.
You hit the jelly but do no damage.
Your hands burn!
* * * LOW HITPOINT WARNING * * *
The jelly is heavily wounded.
The jelly hits you.
* * * LOW HITPOINT WARNING * * *
You are splashed with acid!
You die...

.
##.....###...#
#.## #
#.......###..#
#... #
#.......#
#..###### #
#.......#
#........ #
#.......#
##.......
###.#
#....####
######## ....#
#....'..## #
.##.#
########.# #
.# ##h..)..##
# .# #J#######
# .#
#JJJP.P÷÷÷ #
## #÷J.J.P.P.
#.÷...J.P.
#.P.PJ..J.
#...PJJ...
#...÷....÷
##########


You could see 2 jellies and 2 endoplasms.

Vanquished Creatures
  A bombardier beetle (D:4)
  A jelly (D:5)
  An orc priest (D:4)
  Jessica (D:3)
  An iguana (D:5)
  4 orc wizards (D:3)
  6 gnolls
  3 adders
  2 ribbon worms (D:4)
  A dart slug (D:4)
  11 orcs
  8 ball pythons
  12 endoplasms
  3 giant cockroaches
  7 goblins
  9 hobgoblins
  2 quokkas
  9 bats
  A frilled lizard (D:3)
  12 kobolds
  2 rats
97 creatures vanquished.

Vanquished Creatures (others)
  A shadow imp (D:5)
1 creature vanquished.

Grand Total: 98 creatures vanquished

Notes
Turn   | Place    | Note
-------+----------+-------------------------------------------
     0 | D:1      | jasper the Merfolk Shapeshifter began the quest for the
                  | Orb.
     0 | D:1      | Reached XP level 1. HP: 15/15 MP: 1/1
   247 | D:1      | Reached skill level 3 in Dodging
   255 | D:1      | Reached XP level 2. HP: 7/22 MP: 2/2
   590 | D:1      | Found Gedil's General Store.
   680 | D:1      | Bought a scroll of immolation for 52 gold pieces
   917 | D:1      | Reached XP level 3. HP: 27/27 MP: 3/3
  1325 | D:2      | Found a faded altar of an unknown god.
  1353 | D:2      | Reached skill level 4 in Dodging
  2161 | D:3      | Reached XP level 4. HP: 17/35 MP: 4/4
  2173 | D:3      | Reached skill level 5 in Dodging
  2206 | D:3      | Reached XP level 5. HP: 23/42 MP: 5/5
  2400 | D:3      | Noticed Jessica
  2405 | D:3      | Killed Jessica
  2625 | D:3      | Reached XP level 6. HP: 49/49 MP: 6/6
  2921 | D:3      | Reached skill level 6 in Dodging
  3132 | D:5      | Entered Level 5 of the Dungeon
  3141 | D:5      | Reached skill level 1 in Polearms
  4041 | D:5      | Reached XP level 7. HP: 41/55 MP: 7/7
  4109 | D:5      | Splashed by a jelly's acid

Illustrated notes

Levels and vault maps discovered:
D:1:      dpeg_cavernosity, layout_basic, serial_shops, nicolae_shop_tiny_glass
D:2:      minmay_angry_zag, layout_basic, ebering_ecumenical_altar_ruins
D:3:      layout_basic, uniq_jessica
D:4:      layout_cave_pools
D:5:      cheibrodos_fertilizer, layout_loops_ring,
          minmay_temple_entry_statues_fountains, lemuel_flamethrower_2,
          uniq_crazy_yiuf_cottage

Skill      XL: |  1  2  3  4  5  6 |
---------------+-------------------+-----
Dodging        | 3 4 5 6 |  6.0
Fighting       | 2 3 4 |  4.5
Polearms       | 4 |  4.7
Shields        | |  0.4
Unarmed Combat | |  3.2
Shapeshifting  | |  4.0

Action                     |  1- 3 |  4- 6 |  7- 9 || total
---------------------------+-------+-------+-------++-------
  Melee: Unarmed           |   110 |   177 |       ||   287
         Spear             |       |    40 |    16 ||    56
  Throw: Stone             |       |     8 |       ||     8
  Evoke: Wand              |       |     1 |       ||     1
    Use: Scroll            |     5 |     4 |       ||     9
         Potion            |       |     2 |       ||     2
   Stab: Sleeping          |     2 |       |       ||     2
 Armour: Animal skin       |    22 |       |       ||    22
         Ring mail         |    38 |    90 |     3 ||   131
         Skin              |       |    21 |       ||    21
  Dodge: Dodged            |    72 |    90 |     4 ||   166
  Block: Kite shield       |       |    50 |     4 ||    54

Table legend: (Time is in decaauts)
 A = Elapsed time spent in this place.
 B = Non-inter-level travel time spent in this place.
 C = Inter-level travel time spent in this place.
 D = Time resting spent in this place.
 E = Time spent auto-exploring this place.
 F = Levels seen in this place.
 G = Mean time per level.
                   A        B        C        D        E       F      G
               +--------+--------+--------+--------+--------+-----+--------+
         Total |   4114 |   3881 |    233 |    364 |   2650 |   5 |  822.8 |
       Dungeon |   4114 |   3881 |    233 |    364 |   2650 |   5 |  822.8 |
               +--------+--------+--------+--------+--------+-----+--------+

Top non-repeatable levels by time:
     D:1: 1312 daAuts
     D:3: 851 daAuts
     D:2: 783 daAuts
     D:4: 762 daAuts
     D:5: 404 daAuts
